Map: Ley Lines

Players

Abdray

  • Race: Protoss Protoss
  • League: Master
  • Spawn Location: 7:00

ManlyManMeat - Winner!

  • Race: Zerg Zerg
  • League: Master
  • Spawn Location: 1:00

VOD

Have the link to the VOD?

Description

Time

  • Played on: June 15, 2025, 11:14 a.m.
  • Length: 11:30
Show
View Real Time Build Order
Export as new Build Order

Abdray Protoss 

Build Orders:  

Get SALT Encoding   

  1  0:00  Probe  
  12  0:06  Probe  
  14  0:15  Probe  
  15  0:26  Pylon  
  15  0:44  Gateway, Probe  
  16  0:51  Assimilator  
  16  0:56  Probe  
  17  1:08  Probe  
  18  1:20  Probe  
  19  1:32  Cybernetics Core, Probe  
  20  1:44  Probe, Zealot  
  23  1:49  Warp Gate  
  23  1:51  Assimilator  
  23  2:02  Pylon  
  23  2:04  Pylon  
  23  2:17  Stalker  
  23  2:20  Probe  
  26  2:23  Gateway  
  26  2:25  Gateway  
  26  2:30  Gateway  
  26  2:32  Probe  
  27  2:39  Gateway  
  27  2:50  Shield Battery  
  27  2:53  Stalker  
  27  2:54  Pylon  
  29  3:39  Stalker x4  
  37  3:45  Shield Battery  
  37  3:55  Shield Battery  
  37  4:11  Stalker x4  
  37  4:38  Stalker x3  
  39  4:45  Stalker  
  37  5:26  Stalker x4  
  43  5:39  Nexus  
  35  6:00  Stalker x2  
  37  6:21  Stalker x2  
  37  6:24  Stalker  
  43  6:27  Stalker  
  45  6:36  Pylon  
  33  7:07  Stalker x4  
  39  7:10  Probe  
  40  7:22  Probe  
  41  7:34  Probe  
  42  7:37  Stalker x3  
  48  7:45  Stalker  
  50  8:03  Stalker  
  50  8:04  Stalker x2  
  50  8:05  Probe  
  57  8:14  Robotics Facility  
  57  8:16  Probe  
  58  8:24  Probe  
  58  8:33  Probe  
  52  8:43  Stalker x2  
  52  8:44  Stalker  
  58  8:53  Stalker  
  52  9:13  Stalker x3  
  52  9:16  Probe  
  57  9:20  Observer  
  58  9:40  Stalker x3  
  62  10:02  Stalker  
  62  10:03  Probe  
  62  10:06  Assimilator  
  65  10:11  Stalker  
  67  10:15  Probe  
  68  10:27  Probe  
  69  10:34  Stalker x2  
  69  10:35  Stalker  
  70  10:39  Probe  
  70  10:42  Stalker  
  55  10:59  Stalker x2  
  53  11:10  Stalker x2  
Show
View Real Time Build Order
Export as new Build Order

ManlyManMeat Zerg - Winner!

Build Orders: Hatch First 

Get SALT Encoding   

  12  0:02  Drone  
  13  0:13  Overlord  
  13  0:17  Drone  
  14  0:31  Drone  
  14  0:33  Drone  
  14  0:35  Drone  
  17  0:51  Hatchery  
  17  0:55  Drone  
  17  1:06  Drone  
  18  1:14  Spawning Pool  
  18  1:17  Drone, Extractor  
  17  1:24  Drone  
  18  1:29  Drone  
  19  1:40  Drone  
  20  1:49  Drone  
  21  2:02  Queen x2  
  21  2:05  Overlord  
  21  2:07  Drone  
  26  2:14  Drone x2  
  28  2:24  Overlord  
  28  2:26  Drone  
  29  2:36  Zergling x4  
  31  2:38  Queen  
  31  2:42  Baneling Nest  
  32  2:58  Roach Warren  
  32  2:59  Metabolic Boost  
  32  3:01  Drone  
  32  3:02  Drone x2  
  34  3:14  Queen  
  34  3:19  Zergling x6  
  39  3:23  Overlord  
  39  3:32  Drone x2, Extractor  
  39  3:33  Extractor  
  39  3:56  Roach  
  39  3:57  Roach x4  
  39  3:58  Roach  
  48  4:13  Roach  
  48  4:14  Roach  
  49  4:19  Roach  
  51  4:36  Roach  
  51  4:37  Overlord x2  
  51  4:39  Drone  
  52  5:02  Roach x5  
  52  5:16  Zergling x4, Roach x2  
  52  5:28  Roach  
  50  5:44  Roach x4  
  52  6:01  Zergling x14  
  52  6:03  Extractor  
  58  6:11  Queen x2  
  58  6:27  Overlord x2  
  56  6:46  Queen x2  
  49  6:53  Roach  
  49  6:54  Roach x5  
  57  7:12  Drone x4  
  61  7:26  Overlord  
  61  7:49  Roach x9  
  79  8:08  Roach x3  
  85  8:21  Zergling x4  
  73  8:57  Roach x10  
  87  9:10  Hatchery  
  87  9:12  Lair  
  87  9:14  Queen  
  84  9:18  Zergling x8  
  84  9:19  Zergling x2  
  89  9:37  Overlord x2  
  89  9:49  Overlord x2  
  84  10:04  Roach x2  
  84  10:05  Roach x5  
  98  10:20  Roach x4  
  106  10:22  Drone  
  95  10:49  Roach  
  99  10:50  Roach x6  
  99  10:52  Drone x2  
  93  11:08  Overlord  
Tags
 
Matchup
PvZ
Replay Pack
Myownreplay2
Spawn Locations
Cross Positions
Add a new tag
Caveats
  • Supply blocks, unpowered buildings, or Contaminate may cause inaccurate times.
  • Supply counts are checked every 10 seconds.